 Dungeon Crawl Stone Soup version 0.31-a0-188-g5e087ee2ca (webtiles) character file.

Game seed: 4758377515799026451

82 qw the Shooter (level 4, 0/25 HPs)
             Began as a Deep Elf Hunter on June 23, 2023.
             Slain by an orc
             ... wielding a +0 short sword
              (2 damage)
             ... on level 3 of the Dungeon.
             The game lasted 00:00:36 (1196 turns).

qw the Shooter (Deep Elf Hunter)                    Turns: 1196, Time: 00:00:36

Health: 0/25       AC:  4    Str: 10    XL:     4   Next: 21%
Magic:  6/6        EV: 12    Int: 14    God:
Gold:   62         SH:  0    Dex: 18    Spells: 3/3 levels left

rFire   . . .        Y - +0 shortbow
rCold   . . .        (shield currently unavailable)
rNeg    . . .        c - +0 leather armour
rPois   +            (no helmet)
rElec   .            (no cloak)
rCorr   .            (no gloves)
SInv    .            b - +0 pair of boots
Will    .....        (no amulet)
Stlth   ++           i - ring of poison resistance
HPRegen 0.24/turn    (no ring)
MPRegen 0.10/turn

%: no passive effects
@: no status effects
A: no striking features
a: no special abilities


You were on level 3 of the Dungeon.
You visited 1 branch of the dungeon, and saw 3 of its levels.

You collected 125 gold pieces.
You spent 63 gold pieces at shops.


   Skills:
 - Level 1.5 Fighting
 + Level 7.6 Ranged Weapons
 - Level 2.4 Dodging
 - Level 1.2 Stealth


You had 3 spell levels left.
You didn't know any spells.
Your spell library was empty.

Inventory:

Hand Weapons
 Y - a +0 shortbow (weapon)
Armour
 b - a +0 pair of boots (worn)
 c - a +0 leather armour (worn)
Jewellery
 i - a ring of poison resistance (left hand)
Scrolls
 f - 2 scrolls of identify {unknown}
Potions
 a - a potion of brilliance {unknown}
 d - a potion of curing
 e - a potion of resistance {unknown}

Dungeon Overview and Level Annotations

Branches:
Dungeon (3/15)

Altars:

Shops:
D:2 ([([=

Annotations:
D:3 Grinder, Terence


Message History

You shoot an arrow. The arrow hits the orc.
The orc is almost dead.
The orc misses you. The orc hits you with a +0 short sword. Grinder hits you.
You writhe in agony.
The orc barely misses you.
1188 ||| DRINKING potion of heal wounds.
You feel much better.
The orc closely misses you. x2; The orc hits you with a +0 short sword.
Grinder says, "Wait up."
Grinder hits you.
You writhe in agony.
You shoot an arrow. The arrow closely misses the orc.
The orc hits you but does no damage. The orc hits you with a +0 short sword.
The orc hits you but does no damage.
Terence shouts, "DIE!!!"
Grinder hits you.
You shoot an arrow. The arrow hits the orc.
You kill the orc!
The orc hits you but does no damage. The orc barely misses you.
Grinder hits you but does no damage.
You shoot an arrow. The arrow hits Grinder.
Grinder is lightly wounded.
The orc hits you with a +0 short sword. The orc misses you.
The orc hits you but does no damage. Grinder closely misses you.
You shoot an arrow. The arrow hits Grinder.
Grinder is moderately wounded.
The orc completely misses you. The orc hits you with a +0 short sword.
The orc closely misses you. Grinder hits you but does no damage.
You shoot an arrow. The arrow hits Grinder.
Grinder is moderately wounded.
The orc completely misses you. The orc hits you with a +0 hand axe.
The orc misses you. Grinder barely misses you.
You shoot an arrow. The arrow hits Grinder.
Grinder is moderately wounded.
The orc closely misses you. x2; The orc misses you.
Grinder closely misses you.
You shoot an arrow. The arrow hits Grinder!
Grinder is heavily wounded.
The orc closely misses you. x3; Grinder closely misses you.
You shoot an arrow. The arrow hits Grinder.
Grinder is severely wounded.
The orc hits you with a +0 short sword.
You die...

..............#...
?.
.#%.........#.##
... ##.........#.
.... ##..#.#....##
....# #..##.##...#
......
###[.###....#
......##.##..#
......
......o#.#..##
......
.....@5@...##
.....
......oo...)#
............)..
................#
~.##............#
~ #............#
#............#
#............#


You could see Grinder, Terence and 3 orcs.

Vanquished Creatures
  2 adders
  4 worms (D:2)
  A dart slug (D:2)
  3 orcs (D:3)
  3 bats
  2 endoplasms (D:1)
  2 giant cockroaches
  6 goblins
  5 hobgoblins
  6 kobolds
  A quokka (D:3)
  3 ball pythons
  4 frilled lizards
  4 rats
46 creatures vanquished.

Notes
Turn   | Place    | Note
-------+----------+-------------------------------------------
     0 | D:1      | qw the Deep Elf Hunter began the quest for the Orb.
     0 | D:1      | Reached XP level 1. HP: 12/12 MP: 3/3
     0 | D:1      | 0 ||| qw: Version: 0.3-a-9-g12657ce
     0 | D:1      | 0 ||| qw: Game counter: 3795
     0 | D:1      | 0 ||| qw: Always use a shield: true
     0 | D:1      | 0 ||| qw: God list: Okawaru
     0 | D:1      | 0 ||| qw: Allow faded altars: false
     0 | D:1      | 0 ||| qw: Do Orc after D:15 true
     0 | D:1      | 0 ||| qw: Do second Lair branch before Depths: true
     0 | D:1      | 0 ||| qw: Lair rune preference: random
     0 | D:1      | 0 ||| qw: Plans: Normal
     0 | D:1      | 0 ||| PLANNING D:1-11
   156 | D:1      | Reached XP level 2. HP: 13/16 MP: 4/4
   159 | D:1      | Reached skill level 6 in Ranged Weapons
   475 | D:1      | 475 ||| READING scroll labelled RUFA VAPSOIM.
   476 | D:1      | 476 ||| DRINKING 3 dark potions.
   477 | D:1      | 477 ||| DROPPING scroll of butterflies.
   478 | D:1      | 478 ||| DROPPING 2 potions of invisibility.
   560 | D:2      | Reached XP level 3. HP: 9/20 MP: 5/5
   625 | D:2      | Found Okarhiz's Weapon Boutique.
   635 | D:2      | Found Guphacs's Armour Shop.
   652 | D:2      | 652 ||| BUYING +0 pair of boots (63 gold).
   652 | D:2      | Bought a +0 pair of boots for 63 gold pieces
   652 | D:2      | 652 ||| SHOPLISTING +0 scale mail (56 gold, have 17).
   652 | D:2      | 652 ||| SHOPLISTING +2 scale mail of cold resistance (294
                  | gold, have 17).
   652 | D:2      | 652 ||| SHOPLISTING +2 scale mail of poison resistance (252
                  | gold, have 17).
   658 | D:2      | Found Ablet's Antique Weapon Emporium.
   666 | D:2      | 666 ||| UPGRADING to +0 pair of boots.
   757 | D:2      | Reached skill level 7 in Ranged Weapons
   757 | D:2      | Found Qugro's Armour Shop.
   766 | D:2      | 766 ||| SHOPLISTING +0 fire dragon scales (840 gold, have
                  | 37).
   766 | D:2      | 766 ||| SHOPLISTING +0 ring mail (56 gold, have 37).
   766 | D:2      | 766 ||| SHOPLISTING +1 cloak (161 gold, have 37).
   766 | D:2      | 766 ||| SHOPLISTING +3 ring mail of willpower (364 gold,
                  | have 37).
   786 | D:2      | Found Umity's Jewellery Boutique.
   789 | D:2      | 789 ||| SHOPLISTING +4 ring of slaying (1092 gold, have
                  | 43).
   789 | D:2      | 789 ||| SHOPLISTING amulet of regeneration (420 gold, have
                  | 43).
   789 | D:2      | 789 ||| SHOPLISTING ring "Caff" {Fly rCorr Str-5 Dex+3}
                  | (348 gold, have 43).
   789 | D:2      | 789 ||| SHOPLISTING ring of Wodutrat {rN+ Slay+4} (1248
                  | gold, have 43).
   789 | D:2      | 789 ||| SHOPLISTING ring of ice (350 gold, have 43).
   789 | D:2      | 789 ||| SHOPLISTING ring of positive energy (280 gold, have
                  | 43).
  1035 | D:2      | 1035 ||| UPGRADING to ring of poison resistance.
  1036 | D:2      | 1036 ||| READING scroll labelled CAKIUCK AGIDU.
  1037 | D:2      | 1037 ||| READING scroll labelled KEKIHY HIEKALY.
  1038 | D:2      | 1038 ||| READING scroll labelled OGRUC SEULIFF.
  1039 | D:2      | 1039 ||| DRINKING 2 pink potions.
  1040 | D:2      | 1040 ||| DRINKING 2 cyan potions.
  1041 | D:2      | 1041 ||| DRINKING 2 metallic green potions.
  1042 | D:2      | 1042 ||| DROPPING potion of attraction.
  1162 | D:3      | Reached XP level 4. HP: 25/25 MP: 6/6
  1175 | D:3      | Noticed Grinder
  1178 | D:3      | Paralysed by Grinder for 4 turns
  1179 | D:3      | Noticed Terence
  1187 | D:3      | HP: 5/25 [Grinder (2)]
  1188 | D:3      | 1188 ||| DRINKING potion of heal wounds.
  1192 | D:3      | HP: 4/25 [orc/+0 short sword (4)]
  1196 | D:3      | Slain by an orc

Levels and vault maps discovered:
D:1:      minmay_arrival_four_houses, layout_basic
D:2:      layout_basic, serial_shops, nicolae_shop_advertising_works
          [nicolae_subvault_shop_adworks], nicolae_square_shop, shop,
          nicolae_shop_tiny_real_fake_doors, shop, minmay_pentomino_q2
D:3:      layout_basic, gammafunk_ghost_gnarly_gnolls, chequers_jeans,
          minmay_between, uniq_grinder, uniq_terence

Skill      XL: |  1  2  3 |
---------------+----------+-----
Ranged Weapons | 6 7 |  7.6
Fighting       | |  1.5
Dodging        | |  2.4
Stealth        | |  1.2

Action                     |  1- 3 |  4- 6 || total
---------------------------+-------+-------++-------
   Fire: Shortbow          |   117 |    20 ||   137
    Use: Potion            |     4 |     1 ||     5
         Scroll            |     4 |       ||     4
 Armour: Leather armour    |     9 |    10 ||    19
  Dodge: Dodged            |    25 |    25 ||    50

Table legend:
 A = Non-vault XP
 B = Vault XP
 C = Vault XP percentage of total XP
 D = Non-vault monster count
 E = Vault monster count
 F = Vault count percentage of total count
                 A         B        C        D         E       F
            +---------+---------+-------+---------+---------+-------
      Total |     101 |      17 |  14.4 |      39 |       7 |  15.2
            +---------+---------+-------+---------+---------+-------
        D:1 |      32 |       0 |   0.0 |      19 |       0 |   0.0
        D:2 |      49 |       7 |  12.5 |      16 |       2 |  11.1
        D:3 |      20 |      10 |  33.3 |       4 |       5 |  55.6
            +---------+---------+-------+---------+---------+-------
